 Dungeon Crawl Stone Soup version 0.22.0-6-g71bd7aa (webtiles) character file.

42 loralnil the Chiller (level 3, -1/26 HPs)
             Began as a Draconian Ice Elementalist on Aug 15, 2018.
             Slain by Sigmund
             ... wielding a +0 scythe
              (6 damage)
             ... on level 2 of the Dungeon.
             The game lasted 00:02:53 (1306 turns).

loralnil the Chiller (Draconian Ice Elementalist)   Turns: 1306, Time: 00:02:54

Health: -1/26      AC:  5    Str: 10    XL:     3   Next: 33%
Magic:  0/6        EV: 12    Int: 16    God:
Gold:   59         SH:  0    Dex: 11    Spells: 3/6 levels left

rFire    . . .     SeeInvis .   a - +0 dagger
rCold    . . .     Gourm    .   (no shield)
rNeg     . . .     Faith    .   (armour unavailable)
rPois    .         Spirit   .   (helmet restricted)
rElec    .         Reflect  .   (no cloak)
rCorr    .         Harm     .   (no gloves)
MR       .....                  (no boots)
Stlth    ++........             (no amulet)
HPRegen  0.08/turn              (no ring)
MPRegen  0.10/turn              (no ring)

@: no status effects
A: unfitting armour, cold-blooded, AC +5
a: no special abilities


You were on level 2 of the Dungeon.
You were hungry.

You visited 1 branch of the dungeon, and saw 2 of its levels.

You collected 59 gold pieces.

Inventory:

Hand Weapons
 a - a +0 dagger (weapon)
Scrolls
 d - a scroll of random uselessness {unknown}
 g - 4 scrolls of remove curse {unknown}
 h - a scroll of enchant armour {unknown}
 i - 3 scrolls of identify {unknown}
Potions
 c - a potion of flight {unknown}
 e - a potion of lignification {unknown}
 f - a potion of agility {unknown}
Comestibles
 b - 3 rations
 j - 2 chunks of flesh


   Skills:
 + Level 2.3 Dodging
 + Level 2.3 Stealth
 + Level 2.4 Spellcasting
 - Level 1.0 Conjurations
 + Level 3.3 Ice Magic


You had 3 spell levels left.
You knew the following spells:

 Your Spells              Type           Power        Failure   Level  Hunger
a - Freeze                Ice            ##..         4%          1    #......
b - Throw Frost           Conj/Ice       #.....       12%         2    ###....

Your spell library contained the following spells:

 Spells                   Type           Power        Failure   Level  Hunger
 Summon Ice Beast         Ice/Summ       #.......     69%         4    #####..
 Ozocubu's Armour         Chrm/Ice       #.......     30%         3    ###....
 Throw Icicle             Conj/Ice       #.......     63%         4    #####..


Dungeon Overview and Level Annotations

Branches:
Dungeon (2/15)

Altars:

Annotations:
D:2 Sigmund


Innate Abilities, Weirdness & Mutations

Your plain brown scales are hard. (AC +5)
You cannot fit into any form of body armour.
You are cold-blooded and may be slowed by cold attacks.


Message History

Press: ? - help, Shift-Dir - straight line, f/p - jackal
Aim: a jackal (heavily wounded)
You freeze the jackal.
The jackal is severely wounded.
The jackal bites you.
You hit the jackal.
The jackal is almost dead.
The jackal bites you but does no damage.
The jackal barely misses you.
You hit the jackal.
You kill the jackal!
You hit the jackal but do no damage.
The jackal is heavily wounded.
The jackal closely misses you. The jackal misses you. Something hits you!
* * * LOW HITPOINT WARNING * * *
You hit the jackal.
You kill the jackal!
You hit the leopard gecko but do no damage.
Something hits you.
You die...

#.## #........#
##..# #........#
#...# #........#
#...## #........#
#....# #........#
#....# #####'####
##'#.## #.#
######[#.(# #.#
#......##@# #l#
#.###<###l## #.# #)#
#.###.{#####.###
#.###.#..(.........#
#.....#..........#.#
#######....(.....#.#
#..........#.###
#..........#.#(#
#..........#.#.#


You could see a leopard gecko.

Vanquished Creatures
  A worm (D:2)
  A dart slug (D:1)
  A leopard gecko (D:1)
  4 bats (D:1)
  A giant cockroach (D:1)
  6 goblins
  3 hobgoblins
  3 jackals (D:2)
  5 kobolds
  2 quokkas (D:2)
  A ball python (D:1)
  3 rats (D:1)
31 creatures vanquished.

Notes
Turn   | Place    | Note
-------+----------+-------------------------------------------
     0 | D:1      | loralnil the Draconian Ice Elementalist began the quest for the Orb.
     0 | D:1      | Reached XP level 1. HP: 14/14 MP: 3/3
   126 | D:1      | Reached XP level 2. HP: 20/20 MP: 0/5
   708 | D:1      | Learned a level 2 spell: Throw Frost
   773 | D:2      | Reached XP level 3. HP: 26/26 MP: 1/6
  1271 | D:2      | Noticed Sigmund
  1306 | D:2      | Slain by Sigmund

Skill      XL: |  1 |
---------------+----+-----
Stealth        | 2 |  2.3
Dodging        | 2 |  2.3
Spellcasting   | |  2.4
Conjurations   | |  1.0
Ice Magic      | |  3.3

Action                   || total
-------------------------++-------
Melee: Unarmed           ||     6
       Dagger            ||    44
       Tailslap          ||     6
 Cast: Freeze            ||    46
 Stab: Sleeping          ||     3
  Eat: Chunk             ||     1
Armor: Skin              ||    32
Dodge: Dodged            ||    51
